 Dungeon Crawl Stone Soup version 0.28-a0-537-g3bccd9ccbf (webtiles) character file.

Game seed: 2354317696768330477

57 Demosthentine the Poker (level 4, -1/34 HPs)
             Began as a Merfolk Gladiator on Sept 27, 2021.
             Slain by a goblin (4 damage)
             ... on level 4 of the Dungeon.
             The game lasted 00:01:27 (1991 turns).

Demosthentine the Poker (Merfolk Gladiator)         Turns: 1991, Time: 00:01:27

Health: -1/34      AC:  5    Str: 15    XL:     4   Next: 0%
Magic:  4/4        EV: 13    Int:  7    God:
Gold:   108        SH:  0    Dex: 15    Spells: 3/3 levels left

rFire   . . .      SeeInvis .   a - +0 trident
rCold   . . .      Faith    .   (no shield)
rNeg    . . .      Spirit   .   b - +0 leather armour
rPois   .          Reflect  .   c - +0 helmet
rElec   .          Harm     .   (no cloak)
rCorr   .          Rampage  .   j - +0 pair of gloves
Will    .....                   (no boots)
Stlth   +.........              (no amulet)
HPRegen 0.11/turn               (no ring)
MPRegen 0.09/turn               (no ring)

@: no status effects
A: (nimble swimmer 2), mertail
a: no special abilities


You were on level 4 of the Dungeon.
You visited 1 branch of the dungeon, and saw 4 of its levels.

You collected 108 gold pieces.

Inventory:

Hand Weapons
 a - a +0 trident (weapon)
Missiles
 d - 3 throwing nets (quivered)
Armour
 b - a +0 leather armour (worn)
 c - a +0 helmet (worn)
 j - a +0 pair of gloves (worn)
Jewellery
 i - a +4 ring of protection
Potions
 e - a potion of might
 f - 2 potions of curing
 h - a potion of flight


   Skills:
 + Level 2.9 Fighting
 + Level 5.1 Polearms
 - Level 2.0 Throwing
 + Level 1.0 Armour
 + Level 4.6 Dodging


You had 3 spell levels left.
You didn't know any spells.
Your spell library was empty.

Dungeon Overview and Level Annotations

Branches:
Dungeon (4/15)
 Temple: D:4-7

Altars:
Gozag

Shops:
D:2 (


Innate Abilities, Weirdness & Mutations

((You are quick and stealthy near water. (Stealth+, EV+, Speed+++)))
Your lower body shifts to a powerful aquatic tail in water.


Message History

Beogh smites you!
* * * LOW HITPOINT WARNING * * *
There are monsters nearby!
You are too injured to fight recklessly!
There are monsters nearby!
You are too injured to fight recklessly!
You are too injured to fight recklessly!
There are monsters nearby!
Unknown command.
Unknown command.
As you read the scroll labelled WOKAT XAQOT, it crumbles to dust.
The creatures around you are filled with an inner flame!
It was a scroll of immolation.
The orc misses you.
Unknown command.
The orc priest looks satisfied for a moment.
The orc priest mumbles some strange prayers to Beogh against you.
Beogh smites you!
* * * LOW HITPOINT WARNING * * *
The orc priest looks encouraged for a moment.
Found 12 gold pieces.
Found a stone staircase leading down.
Found an opulent altar of Gozag.
There is a stone staircase leading down here.
The orc closely misses you.
You climb downwards.
Found a scroll labelled LALOS FYCI and 12 gold pieces.
There is a stone staircase leading up here.
Unknown command.
A goblin comes into view.
It is wielding a +2 dagger of distortion.
Found a potion of curing.
The goblin shouts!
The goblin moves out of view.
Unknown command.
A howler monkey skeleton comes into view.
Unknown command.
Unknown command.
An adder comes into view.
The goblin hits you with a +2 dagger of distortion.
* * * LOW HITPOINT WARNING * * *
Space bends around you.
You die...

# ###?##
......###
#.....#
#.<######
#.......#####
###.###.o@g.#
#..
#####..Z.^#
###$ S.... ##
.#.. # .


You could see an adder (wandering), an orc (inner flame), a goblin and a howler
monkey skeleton.

Vanquished Creatures
  2 adders (D:2)
  3 dart slugs
  5 endoplasms
  A giant cockroach (D:1)
  3 goblins
  3 hobgoblins
  A ball python (D:1)
  4 bats
  2 frilled lizards
  6 kobolds
  4 rats
34 creatures vanquished.

Vanquished Creatures (others)
  2 plants (D:2)
2 creatures vanquished.

Grand Total: 36 creatures vanquished

Notes
Turn   | Place    | Note
-------+----------+-------------------------------------------
     0 | D:1      | Demosthentine the Merfolk Gladiator began the quest for the
                  | Orb.
     0 | D:1      | Reached XP level 1. HP: 16/16 MP: 1/1
   141 | D:1      | Found a faded altar of an unknown god.
   145 | D:1      | Reached XP level 2. HP: 23/23 MP: 2/2
  1217 | D:2      | Reached XP level 3. HP: 28/28 MP: 3/3
  1292 | D:2      | Reached skill level 5 in Polearms
  1682 | D:2      | Found Zavyev's Weapon Shoppe.
  1692 | D:2      | Reached skill level 1 in Armour
  1964 | D:3      | Reached XP level 4. HP: 34/34 MP: 4/4
  1981 | D:3      | Found an opulent altar of Gozag.
  1991 | D:4      | Slain by a goblin

Illustrated notes

Levels and vault maps discovered:
D:1:      psy_arrival_spokes, layout_loops_ring, ebering_ecumenical_altar_hall
D:2:      layout_basic, serial_shops, shop, chequers_big_river,
          serial_bayou_pond_e
D:3:      layout_loops_cross, grunt_gozag_statues,
          gammafunk_ghost_abyssal_escape
D:4:      layout_rooms, serial_glass, glass_columns_c, glass_columns_a,
          uniq_robin

Skill      XL: |  1  2  3 |
---------------+----------+-----
Polearms       | 5 |  5.1
Armour         | 1 |  1.0
Fighting       | |  2.9
Throwing       | |  2.0
Dodging        | |  4.6

Action                   |  1- 3 |  4- 6 || total
-------------------------+-------+-------++-------
Melee: Trident           |    96 |       ||    96
  Use: Scroll            |     6 |     1 ||     7
 Stab: Distracted        |     1 |       ||     1
       Sleeping          |     1 |       ||     1
Armor: Leather armour    |    18 |       ||    18
Dodge: Dodged            |    42 |     2 ||    44

Table legend: (Time is in decaauts)
 A = Elapsed time spent in this place.
 B = Non-inter-level travel time spent in this place.
 C = Inter-level travel time spent in this place.
 D = Time resting spent in this place.
 E = Time spent auto-exploring this place.
 F = Levels seen in this place.
 G = Mean time per level.
                   A        B        C        D        E       F      G
               +--------+--------+--------+--------+--------+-----+--------+
         Total |   1981 |   1959 |     22 |      0 |   1683 |   4 |  495.2 |
       Dungeon |   1981 |   1959 |     22 |      0 |   1683 |   4 |  495.2 |
               +--------+--------+--------+--------+--------+-----+--------+

Top non-repeatable levels by time:
     D:1: 1065 daAuts
     D:2: 827 daAuts
     D:3: 81 daAuts
     D:4: 6 daAuts
